Map: Abyssal Reef LE

Players

liquidthermy (uThermal) - Winner!

  • Race: Terran Terran
  • League: Master
  • Spawn Location: 11:00

PtitDrogo

  • Race: Protoss Protoss
  • League: Master
  • Spawn Location: 5:00

Event: HomeStory Cup XV

VOD

Have the link to the VOD?

Description

Time

  • Played on: July 22, 2017, 1:57 p.m.
  • Length: 13:21

All games in this series

Show
View Real Time Build Order
Export as new Build Order

liquidthermy Terran - Winner!

Build Orders: Reaper Expand 

Get SALT Encoding   

  12  0:01  SCV  
  13  0:14  SCV  
  14  0:17  Supply Depot  
  14  0:26  SCV  
  14  0:28  Refinery  
  15  0:38  SCV  
  16  0:44  Barracks  
  16  0:51  SCV  
  17  1:03  SCV  
  18  1:15  SCV  
  19  1:32  Orbital Command, Reaper  
  20  1:46  Command Center  
  20  1:57  SCV  
  20  1:59  Factory  
  21  2:05  Barracks Reactor  
  21  2:09  SCV  
  21  2:14  Supply Depot  
  22  2:18  Refinery  
  22  2:22  SCV  
  23  2:35  SCV  
  24  2:43  Marine x2, Starport  
  26  2:47  Widow Mine  
  26  2:48  SCV  
  29  2:58  Orbital Command  
  29  3:00  SCV  
  29  3:02  Marine  
  29  3:05  Marine  
  32  3:14  SCV  
  32  3:17  Widow Mine  
  35  3:20  Viking  
  35  3:23  Marine  
  35  3:24  SCV  
  38  3:28  SCV  
  38  3:30  Marine  
  40  3:38  SCV, Supply Depot  
  40  3:40  SCV  
  40  3:41  Marine  
  43  3:47  Factory Tech Lab  
  43  3:48  Marine  
  43  3:50  SCV  
  43  3:52  SCV  
  46  3:59  Marine, Viking  
  46  4:00  Supply Depot  
  50  4:06  Marine  
  50  4:07  SCV  
  50  4:09  Siege Tank  
  54  4:15  Supply Depot  
  54  4:17  Marine  
  54  4:19  SCV  
  54  4:22  SCV  
  54  4:27  Marine  
  54  4:29  Viking  
  57  4:31  SCV  
  57  4:34  Engineering Bay  
  57  4:35  SCV  
  57  4:36  Marine  
  60  4:43  SCV  
  60  4:44  Siege Tank  
  60  4:45  Supply Depot  
  64  4:46  Marine  
  64  4:48  SCV  
  66  4:55  SCV  
  66  4:59  Viking  
  69  5:00  Marine  
  69  5:01  Supply Depot  
  69  5:06  Marine  
  71  5:07  Missile Turret  
  71  5:10  Missile Turret  
  71  5:16  Siege Tank, SCV  
  71  5:17  SCV  
  71  5:18  Marine  
  77  5:22  Supply Depot  
  77  5:24  Marine  
  77  5:28  SCV  
  79  5:29  Viking  
  79  5:30  SCV  
  82  5:36  Marine  
  82  5:37  Supply Depot  
  82  5:40  SCV  
  82  5:42  Marine  
  85  5:43  SCV  
  85  5:48  Siege Tank  
  88  5:52  SCV  
  88  5:55  SCV  
  90  6:01  Marine x2, Viking  
  94  6:07  Command Center  
  93  6:15  SCV  
  93  6:16  Barracks, Refinery  
  93  6:17  Barracks, Refinery  
  95  6:18  SCV  
  95  6:28  SCV  
  95  6:30  SCV  
  96  6:37  Barracks x2, Starport Tech Lab  
  96  6:39  Marine x2  
  97  6:40  SCV  
  97  6:42  SCV  
  98  6:47  Factory Reactor  
  98  6:53  SCV  
  99  6:54  SCV  
  87  7:02  Marine  
  87  7:05  SCV  
  87  7:07  SCV  
  76  7:10  Terran Infantry Weapons Level 1  
  66  7:16  Starport Reactor  
  66  7:17  Marauder x2, Combat Shields  
  66  7:18  Stimpack, SCV  
  66  7:19  Marine, SCV  
  73  7:29  Factory Tech Lab  
  72  7:30  SCV  
  72  7:31  Barracks Reactor, SCV  
  75  7:38  Orbital Command  
  75  7:39  Marine  
  75  7:40  Marauder x2, Marine x2  
  75  7:42  SCV  
  81  7:48  SCV  
  81  7:50  Marine  
  80  7:55  Siege Tank  
  80  7:57  SCV, Marine x2  
  86  8:00  Marine  
  86  8:02  Marauder x2  
  86  8:04  SCV x2  
  93  8:07  Medivac  
  93  8:08  Medivac  
  93  8:09  SCV, Marine  
  93  8:10  Marine  
  93  8:11  Marine  
  101  8:15  Marine  
  101  8:16  Marine, Supply Depot  
  101  8:18  Marine  
  101  8:19  SCV  
  105  8:22  Factory  
  105  8:23  Marauder, Refinery  
  105  8:25  Marine  
  105  8:26  Supply Depot  
  108  8:27  Marine  
  108  8:28  Marine  
  108  8:33  Siege Tank, Marine x2  
  111  8:38  Marine, Supply Depot  
  111  8:39  Supply Depot, Concussive Shells  
  112  8:42  Medivac, Supply Depot  
  112  8:48  Marine x3  
  116  8:49  Marine x2, Refinery  
  116  8:51  Marine  
  116  8:52  Supply Depot  
  116  8:54  Supply Depot  
  120  8:55  Supply Depot  
  120  8:57  Marine x2  
  120  8:58  Medivac, Supply Depot  
  124  9:05  Terran Infantry Armor Level 1  
  124  9:06  Marine x3  
  127  9:10  Marine x3, Factory Tech Lab  
  127  9:13  SCV  
  127  9:15  Marine x2  
  135  9:23  Siege Tank, Marine  
  135  9:24  Marine x2  
  138  9:28  Marine x3  
  138  9:31  Siege Tank  
  145  9:33  Marine x2, Medivac  
  145  9:34  Medivac  
  151  9:41  Marine x2  
  153  9:47  Marine  
  153  9:48  Barracks, Sensor Tower  
  153  9:49  Barracks x2  
  154  9:54  Marine x2  
  154  9:58  Siege Tank, Marine x2  
  159  10:01  Marine  
  159  10:02  Marauder  
  159  10:03  Medivac  
  159  10:04  Medivac  
  159  10:05  Siege Tank  
  169  10:13  Marine x2  
  171  10:15  Marine x2  
  171  10:19  Marine  
  176  10:23  Missile Turret  
  176  10:24  Missile Turret x2  
  176  10:26  Supply Depot  
  176  10:27  Supply Depot  
  176  10:31  Siege Tank, Armory  
  176  10:32  Engineering Bay  
  176  10:33  Marine, Medivac  
  176  10:35  Medivac  
  181  10:38  Barracks Reactor, Barracks Tech Lab x2  
  181  10:39  Marine  
  181  10:40  Marine  
  181  10:42  Marine  
  183  10:44  Marine x2  
  183  10:49  Siege Tank  
  188  10:53  Marine x2  
  188  10:54  Marauder  
  188  10:57  Marine  
  192  11:00  Marine  
  192  11:01  Marine  
  192  11:02  Medivac  
  198  11:04  Marine  
  198  11:07  Marine  
  197  11:15  Marine x2  
  197  11:17  Siege Tank  
  199  11:21  Marine x2, Medivac  
  200  11:38  Marauder, Marine  
  198  11:47  Marine x4  
  172  11:49  Marine, Medivac  
  172  11:50  Marine  
  172  11:51  Marine x2  
  172  11:52  Siege Tank  
  172  11:53  Marine  
  172  11:54  Marauder, Medivac  
  176  11:56  Marine  
  176  12:00  Marauder  
  174  12:01  Siege Tank  
  174  12:04  Marine  
  174  12:05  Marine x3  
  173  12:09  Marauder  
  173  12:10  Marine x2  
  173  12:11  Marauder  
  173  12:15  Marauder  
  177  12:20  Marine  
  177  12:21  Marauder  
  180  12:23  Marine  
  180  12:28  Marine  
  182  12:30  Marine x2  
  184  12:37  Marauder, Marine  
  184  12:40  Marine x2  
  189  12:48  Marine  
  182  12:55  Marine  
  182  12:56  Marauder, Marine x2  
  182  12:58  Marine  
  163  13:00  Marine  
Show
View Real Time Build Order
Export as new Build Order

PtitDrogo Protoss 

Build Orders: 1 Gate Expand, Oracle Opening 

Get SALT Encoding   

  12  0:01  Probe (Chrono Boost)  
  13  0:11  Probe (Chrono Boost)  
  14  0:17  Pylon  
  14  0:22  Probe (Chrono Boost)  
  16  0:35  Probe (Chrono Boost)  
  16  0:36  Gateway  
  16  0:41  Assimilator  
  16  0:46  Probe (Chrono Boost)  
  17  0:56  Probe (Chrono Boost)  
  18  1:07  Probe (Chrono Boost)  
  19  1:23  Nexus  
  19  1:24  Probe (Chrono Boost)  
  20  1:33  Cybernetics Core  
  20  1:35  Probe (Chrono Boost)  
  21  1:41  Assimilator  
  21  1:46  Probe (Chrono Boost)  
  22  1:51  Pylon  
  22  1:57  Probe (Chrono Boost)  
  23  2:09  Probe (Chrono Boost), Adept (Chrono Boost)  
  23  2:10  Warp Gate  
  26  2:21  Probe  
  27  2:31  Stargate  
  27  2:33  Probe  
  27  2:34  Probe  
  27  2:35  Adept (Chrono Boost)  
  31  2:45  Probe x2  
  33  2:56  Probe (Chrono Boost)  
  33  2:57  Probe (Chrono Boost)  
  35  2:59  Adept (Chrono Boost)  
  37  3:07  Probe (Chrono Boost)  
  37  3:08  Probe (Chrono Boost)  
  38  3:15  Oracle (Chrono Boost)  
  38  3:16  Probe (Chrono Boost)  
  42  3:23  Probe (Chrono Boost)  
  43  3:27  Gateway x2  
  43  3:29  Probe (Chrono Boost)  
  45  3:34  Probe (Chrono Boost), Pylon  
  45  3:38  Probe (Chrono Boost)  
  46  3:51  Probe  
  46  3:52  Probe  
  46  3:53  Oracle (Chrono Boost)  
  51  4:01  Nexus  
  51  4:04  Pylon  
  51  4:05  Probe  
  51  4:06  Probe  
  53  4:14  Assimilator  
  53  4:15  Probe  
  53  4:16  Assimilator  
  51  4:24  Probe  
  51  4:26  Probe  
  51  4:29  Twilight Council  
  53  4:33  Forge  
  53  4:36  Probe x2 (Chrono Boost), Sentry x2  
  59  4:48  Probe (Chrono Boost)  
  59  4:50  Blink  
  59  4:52  Gateway  
  60  4:53  Gateway  
  60  4:54  Probe (Chrono Boost), Gateway  
  60  4:59  Probe (Chrono Boost)  
  62  5:02  Pylon  
  62  5:06  Protoss Ground Weapons Level 1 (Chrono Boost)  
  62  5:11  Probe  
  62  5:12  Probe  
  65  5:16  Mothership Core  
  65  5:19  Gateway  
  65  5:21  Gateway  
  66  5:22  Probe  
  66  5:24  Probe  
  68  5:29  Sentry x2  
  68  5:32  Probe  
  73  5:36  Probe  
  73  5:37  Probe  
  75  5:43  Probe  
  75  5:48  Probe  
  75  5:49  Probe, Stalker  
  80  5:53  Pylon, Probe  
  80  5:54  Pylon  
  81  5:58  Robotics Facility  
  81  6:00  Probe  
  81  6:01  Photon Cannon, Probe  
  83  6:09  Probe  
  84  6:13  Stalker x5  
  94  6:19  Pylon, Assimilator  
  94  6:23  Assimilator  
  93  6:31  Adept x3  
  96  6:37  Pylon, Adept x3  
  96  6:39  Pylon  
  102  6:46  Stalker  
  73  7:03  Stalker x5  
  73  7:07  Probe  
  75  7:08  Probe x2  
  75  7:11  Protoss Ground Armor Level 1 (Chrono Boost)  
  75  7:12  Warp Prism (Chrono Boost)  
  75  7:13  Resonating Glaives (Chrono Boost)  
  78  7:18  Probe  
  78  7:20  Probe  
  81  7:28  Probe  
  81  7:32  Mothership Core  
  81  7:33  Probe, Adept x6  
  81  7:35  Stalker  
  98  7:39  Probe  
  99  7:45  Probe  
  100  7:52  Probe  
  100  7:53  Probe  
  100  7:57  Probe  
  100  7:58  Robotics Bay  
  103  8:00  Robotics Facility  
  103  8:05  Observer (Chrono Boost)  
  102  8:16  Pylon  
  102  8:18  Pylon, Nexus  
  102  8:22  Stalker  
  102  8:23  Stalker, Adept x3  
  102  8:24  Adept  
  114  8:34  Observer (Chrono Boost)  
  114  8:37  Probe  
  116  8:43  Pylon x2  
  116  8:47  Colossus (Chrono Boost)  
  122  8:54  Extended Thermal Lance, Colossus (Chrono Boost)  
  129  8:55  Probe x2  
  129  8:57  Pylon  
  130  9:07  Pylon  
  129  9:10  Stalker x5  
  129  9:14  Adept x2  
  129  9:16  Adept  
  145  9:20  Protoss Ground Weapons Level 2 (Chrono Boost)  
  145  9:26  Charge  
  145  9:28  Pylon  
  145  9:31  Forge  
  145  9:33  Probe x2  
  145  9:37  Phoenix (Chrono Boost)  
  149  9:41  Stalker  
  151  9:46  Probe x2  
  151  9:49  Assimilator  
  151  9:50  Templar Archives  
  151  9:52  Assimilator  
  153  9:55  Colossus  
  153  9:59  Probe  
  159  10:18  Immortal  
  159  10:19  Probe  
  160  10:23  Gateway x2  
  160  10:24  Gateway  
  160  10:25  Protoss Ground Armor Level 2 (Chrono Boost)  
  160  10:28  Gateway  
  160  10:42  High Templar x2  
  164  10:43  Zealot x4  
  164  10:47  Pylon  
  172  10:50  Pylon  
  172  10:53  Pylon  
  172  11:02  Pylon  
  180  11:15  Archon  
  176  11:20  High Templar x4  
  176  11:21  Zealot  
  176  11:22  Zealot x3  
  176  11:23  Zealot x4  
  176  11:25  Archon x2  
  161  11:47  Zealot x8  
  161  11:52  Zealot x3  
  131  12:02  Stalker  
  127  12:10  High Templar x6  
  127  12:11  Zealot x2  
  127  12:14  Archon x2  
  127  12:15  Archon  
  143  12:20  Zealot x3  
  149  12:27  Stalker  
  147  12:38  Zealot x2  
  147  12:43  Zealot x9  
  169  12:49  Robotics Facility  
  154  12:52  Robotics Facility  
  116  13:01  Stalker x2  
  116  13:04  Stalker x7  
  116  13:05  Stalker x2  
Tags
 
Add a new tag
Caveats
  • Supply blocks, unpowered buildings, or Contaminate may cause inaccurate times.
  • Supply counts are checked every 10 seconds.